 Dungeon Sprint DCSS version 0.19.1 (webtiles) character file.

22491 dvd the Severer (level 12, -4/95 HPs)
             Began as a Troll Berserker on Dec 15, 2016.
             Was a High Priest of Trog.
             Slain by a shadow wraith (15 damage)
             ... summoned by a mummy priest
             ... in the Dungeon (Sprint I: "Red Sonja").
             The game lasted 00:25:11 (2533 turns).

dvd the Severer (Troll Berserker)                   Turns: 2533, Time: 00:25:15

Health: -4/95      AC: 12    Str: 31      XL:     12   Next: 63%
Magic:  9/11       EV: 15    Int:  4 (6)  God:    Trog [*****.]
Gold:   2099       SH: 16    Dex: 12      Spells: 0 memorised, 11 levels left

rFire  x . .     SeeInvis .     k - +5 broad axe "Cefodgh" {speed, rF- Str+4 Int+7}
rCold  . . .     Gourm    +     j - +0 troll leather armour
rNeg   . . .     Faith    .     p - +2 shield {AC+3}
rPois  .         Spirit   .     (helmet restricted)
rElec  .         Reflect  +     q - +2 cloak {MR+}
rCorr  .         Harm     .     (gloves unavailable)
MR     +++..     Rnd*Rage +     (boots unavailable)
Stlth  ++........ NoTele   +    t - +3 amulet of reflection
                                (no ring)
                                v - +2 ring of strength

@: regenerating, slowed, very slow
A: unfitting armour, claws 3, berserk 1, deformed body, deterioration 1, dopey
2, fast metabolism 3, frail 3, gourmand, regeneration 1, screaming 1, shaggy fur
1, tough skin 2, weak 2, MP-powered wands
a: Berserk, Trog's Hand, Brothers in Arms, Burn Spellbooks, Renounce Religion


You were in the Dungeon.
You worshipped Trog.
Trog was extremely pleased with you.
You were not hungry.

You visited 1 branch You collected 3094 gold pieces.
You spent 995 gold pieces at shops.

Inventory:

Hand Weapons
 d - a +3 triple crossbow of flaming
 h - a +8 antimagic hand axe
 k - the +5 broad axe "Cefodgh" (weapon) {speed, rF- Str+4 Int+7}
   (You bought it in a shop in the Dungeon)

   Attacks with this weapon are significantly faster.
   It affects your strength (+4).
   It affects your intelligence (+7).
   It makes you vulnerable to fire.
 l - a cursed -3 battleaxe
 m - a +4 broad axe of chopping
 o - the +5 demon whip "Spellbinder" {antimagic, MR+}
   (You found it in the Dungeon)

   It reduces the magical energy of the wielder, and disrupts the spells and
   magical abilities of those hit.
   Natural abilities and divine invocations are not affected.
   It affects your resistance to hostile enchantments.
 w - a +5 hunting sling of flaming
 y - a +2 antimagic battleaxe
 A - a +3 antimagic war axe
 D - a +2 war axe of chopping
Missiles
 n - 8 silver javelins (quivered)
Armour
 j - a +0 troll leather armour (worn)
 p - a +2 shield of protection (worn)
 q - a +2 cloak of magic resistance (worn)
 u - the +2 robe of Pirroef {+Blink rF+ Int-4 Stlth+}
   (You bought it in a shop in the Dungeon)

   It affects your intelligence (-4).
   It protects you from fire.
   It lets you blink.
   It makes you more stealthy.
Jewellery
 t - a +3 amulet of reflection (around neck)
 v - a +2 ring of strength (left claw)
Wands
 a - a wand of confusion (24/48)
 i - a wand of flame (20/48)
 x - a wand of disintegration (7/24)
Scrolls
 B - a scroll of identify
 C - a scroll of recharging
Potions
 c - 2 potions of curing
 e - a potion of haste
 f - 2 potions of magic
 g - a potion of berserk rage
Comestibles
 b - 2 bread rations
 r - 2 slices of pizza
 s - 5 fruits
 z - 2 beef jerkies


   Skills:
 + Level 13.4 Fighting
 + Level 16.2 Axes
 + Level 1.0 Throwing
 + Level 6.0 Armour
 + Level 11.7 Dodging
 + Level 1.9 Stealth
 + Level 7.4 Shields
 + Level 12.6 Unarmed Combat
 + Level 1.2 Evocations


You had 11 spell levels left.
You didn't know any spells.

Dungeon Overview and Level Annotations

Branches:
Dungeon (1/1)

Altars:
Cheibriados
Dithmenos
Elyvilon
Fedhas
Gozag
Hepliaklqana
Kikubaaqudgha
Makhleb
Nemelex Xobeh
Okawaru
Qazlal
Ru
Sif Muna
Trog
Uskayaw
Vehumet
Xom
Yredelemnul
Zin
The Shining One
Jiyva
Lugonu

Shops:
D ((*(((*:!:(}*[*!:?![(

Annotations:
D Tiamat


Innate Abilities, Weirdness & Mutations

You are too large for most types of armour.
You have claws for hands.
Your metabolism is lightning-fast.
You like to eat raw meat.
Your natural rate of healing is unusually fast.
You are covered in fur. (AC +1)
You have very tough skin. (AC +2)
You tend to lose your temper in combat.
Armour fits poorly on your strangely shaped body.
Your body sometimes deteriorates upon taking damage.
You are very dopey. (Int -4)
You are extremely frail. (-30% HP)
You occasionally shout uncontrollably at your foes.
You are very weak. (Str -4)
You expend magic power (3 MP) to strengthen your wands.


Message History

You can move again.
Your iron troll goes berserk!
You feel somewhat more hungry.
You feel sick. You block the hornet's attack. The hornet stings you.
* * * LOW HITPOINT WARNING * * *
You feel as though you will be slow longer.
Something hits you but does no damage.
Deactivating autopickup; reactivate with Ctrl-A.
Something hits you but does no damage. The hornet stings you!
* * * LOW HITPOINT WARNING * * *
You are more poisoned.
You feel as though you will be slow longer.
You feel better.
You feel the effects of Trog's Hand fading.
The hornet stings you.
* * * LOW HITPOINT WARNING * * *
You shrug off the repeated paralysis!
You block the hungry ghost's attack.
Your iron troll rages.
Something hits you!
You die...

#######################
#§§.)'.§§§.§'..#^^'$§$§
#§####.§.§§##..'^^#§$$§#
#§#.###§§§#######§# $§§§
§§#'#.###§#...##§§# $§§
###^..#.#.##...#T.## §§
..#....##.).##.#@W≈# #
§.'.)...##.#.#.#y{≈.)#
.§#^....#..###.#y.≈.##
§§###§'##.##...#..≈##
§###..###..#'###..≈#
§####..###...# ≈..##
'#..#§.#.###.# ≈..#
.#.........#.# #..#
##.........#.#


You could see a hungry ghost, 2 hornets and a friendly iron troll (berserk).

Vanquished Creatures
  3 fire giants (D)
  A lorocyproca (D)
  2 centaur warriors (D)
  5 unseen horrors (D)
  A deep troll (D)
  A lindwurm (D)
  3 shining eyes (D)
  An oklob plant (D)
  A gargoyle (D)
  2 kobold demonologists (D)
  A meliai (D)
  A hornet (D)
  A slime creature (D)
  2 redbacks (D)
  Sigmund (D)
  A yak (D)
  13 hogs (D)
  5 floating eyes (D)
  An ogre (D)
  7 necrophages (D)
  8 jellies (D)
  Ijyb (D)
  A ballistomycete (D)
63 creatures vanquished.

Vanquished Creatures (collateral kills)
  A daeva (D)
  A fire giant (D)
  A deep elf annihilator (D)
  A hydra (D)
  Sonja (D)
  2 unseen horrors (D)
  5 shining eyes (D)
  2 sirens (D)
  4 demonic crawlers (D)
  A hellwing (D)
  2 hornets (D)
  2 floating eyes (D)
23 creatures vanquished.

Vanquished Creatures (others)
  A gargoyle (D)
  2 ballistomycete spores (D)
3 creatures vanquished.

Grand Total: 89 creatures vanquished

Notes
Turn   | Place    | Note
-------+----------+-------------------------------------------
     0 | D        | dvd the Troll Berserker began the quest for the Orb.
     0 | D        | Reached XP level 1. HP: 22/22 MP: 0/0
     1 | D        | Noticed Ijyb
     7 | D        | Killed Ijyb
     7 | D        | Reached XP level 2. HP: 27/31 MP: 1/1
    11 | D        | Noticed an ogre
    21 | D        | Killed an ogre
    21 | D        | Reached XP level 3. HP: 22/41 MP: 2/2
    21 | D        | Reached XP level 4. HP: 26/49 MP: 3/3
    66 | D        | Noticed Sigmund
    70 | D        | Killed Sigmund
    70 | D        | Reached ** piety under Trog
    70 | D        | Reached XP level 5. HP: 59/59 MP: 4/4
    70 | D        | Reached XP level 6. HP: 67/67 MP: 5/5
   134 | D        | Found a deep blue altar of Sif Muna.
   136 | D        | Found a radiant altar of Vehumet.
   164 | D        | Found Viteil's Antique Weapon Emporium.
   164 | D        | Found an ancient bone altar of Kikubaaqudgha.
   164 | D        | Found a hazy altar of Hepliaklqana.
   164 | D        | Found a hide-covered altar of Uskayaw.
   164 | D        | Found a basalt altar of Yredelemnul.
   164 | D        | Found an opulent altar of Gozag.
   164 | D        | Found a snail-covered altar of Cheibriados.
   164 | D        | Found a sacrificial altar of Ru.
   164 | D        | Found a shadowy altar of Dithmenos.
   164 | D        | Noticed a yak
   167 | D        | Killed a yak
   168 | D        | Found a stormy altar of Qazlal.
   168 | D        | Found a blossoming altar of Fedhas.
   168 | D        | Found a bloodstained altar of Trog.
   168 | D        | Found an iron altar of Okawaru.
   168 | D        | Found a glowing golden altar of the Shining One.
   168 | D        | Found a glowing silver altar of Zin.
   168 | D        | Found a white marble altar of Elyvilon.
   171 | D        | Found a sparkling altar of Nemelex Xobeh.
   175 | D        | Bought a translucent broad axe for 180 gold pieces
   175 | D        | Identified the +5 broad axe "Cefodgh" {speed, rF- Str+4 Int+7} (You bought it in a shop in the Dungeon)
   194 | D        | Found a viscous altar of Jiyva.
   194 | D        | Found a corrupted altar of Lugonu.
   194 | D        | Noticed a slime creature
   195 | D        | Found a burning altar of Makhleb.
   195 | D        | Found a shimmering altar of Xom.
   202 | D        | Killed a slime creature
   202 | D        | Reached *** piety under Trog
   202 | D        | Reached skill level 1 in Axes
   202 | D        | Reached skill level 10 in Unarmed Combat
   202 | D        | Reached XP level 7. HP: 41/79 MP: 6/6
   272 | D        | Noticed a kobold demonologist
   273 | D        | Noticed a neqoxec
   275 | D        | Noticed a kobold demonologist
   282 | D        | Noticed a rust devil
   283 | D        | Noticed a chaos spawn
   284 | D        | Killed a kobold demonologist
   284 | D        | Reached skill level 3 in Axes
   285 | D        | Noticed a ynoxinul
   287 | D        | Reached skill level 4 in Axes
   287 | D        | Reached XP level 8. HP: 88/88 MP: 7/7
   291 | D        | Killed a kobold demonologist
   291 | D        | Reached **** piety under Trog
   291 | D        | Reached skill level 5 in Axes
   293 | D        | Noticed a demonic crawler
   293 | D        | Noticed a demonic crawler
   293 | D        | Noticed a demonic crawler
   293 | D        | Noticed a demonic crawler
   298 | D        | Killed a demonic crawler
   299 | D        | Killed a demonic crawler
   299 | D        | Received a gift from Trog
   299 | D        | Reached skill level 6 in Axes
   302 | D        | Killed a demonic crawler
   306 | D        | Killed a demonic crawler
   306 | D        | Reached skill level 7 in Axes
   407 | D        | Noticed a lindwurm
   415 | D        | Killed a lindwurm
   415 | D        | Reached skill level 8 in Axes
   415 | D        | Reached XP level 9. HP: 66/100 MP: 8/8
   477 | D        | Noticed Sonja
   490 | D        | Killed Sonja
   490 | D        | Reached skill level 9 in Axes
   575 | D        | Noticed a deep troll
   583 | D        | Killed a deep troll
   651 | D        | Found Doisurphaf's Armour Emporium.
   655 | D        | Bought a +2 shield of protection for 279 gold pieces
   655 | D        | Bought a +2 cloak of magic resistance for 279 gold pieces
   683 | D        | Found Igoac's Weapon Boutique.
   704 | D        | Gained mutation: You are weak. (Str -2) [potion of mutation]
   704 | D        | Gained mutation: Armour fits poorly on your strangely shaped body. [potion of mutation]
   704 | D        | Gained mutation: You are agile. (Dex +2) [potion of mutation]
   772 | D        | Noticed a centaur warrior
   773 | D        | Noticed a centaur warrior
   780 | D        | Killed a centaur warrior
   780 | D        | Reached skill level 10 in Fighting
   780 | D        | Reached skill level 10 in Axes
   780 | D        | Reached skill level 1 in Armour
   780 | D        | Reached XP level 10. HP: 80/110 MP: 9/9
   783 | D        | Killed a centaur warrior
   783 | D        | Reached skill level 11 in Axes
   808 | D        | Paralysed by a hornet for 3 turns
   894 | D        | Noticed an oklob plant
   901 | D        | Killed an oklob plant
  1026 | D        | Killed an unseen horror
  1026 | D        | Reached skill level 12 in Axes
  1026 | D        | Reached skill level 1 in Shields
  1044 | D        | Killed an unseen horror
  1064 | D        | Killed a gargoyle
  1124 | D        | Reached ***** piety under Trog
  1128 | D        | Reached skill level 1 in Stealth
  1146 | D        | Received a gift from Trog
  1150 | D        | Received a gift from Trog
  1150 | D        | Reached ****** piety under Trog
  1197 | D        | Found Zevoitidgh's Book Shoppe.
  1197 | D        | Found Unoridgh's General Store.
  1197 | D        | Found Kifer's Distillery.
  1199 | D        | Found Ocajamp's Book Emporium.
  1199 | D        | Found Zouw's Weapon Shop.
  1199 | D        | Found Lothrum's Gadget Shoppe.
  1199 | D        | Found Yram Veate's General Store.
  1199 | D        | Found Reyneet's Armour Emporium.
  1199 | D        | Found Zuph's Assorted Antiques.
  1199 | D        | Found Jennil's Distillery.
  1203 | D        | Found Huaqe's Book Boutique.
  1204 | D        | Found Vaghir's Distillery.
  1204 | D        | Found Rownip Xuqo's Magic Scroll Boutique.
  1205 | D        | Found Hotekloe's Antique Weapon Emporium.
  1218 | D        | Bought a sheer robe for 114 gold pieces
  1228 | D        | Identified the +2 robe of Pirroef {+Blink rF+ Int-4 Stlth+} (You bought it in a shop in the Dungeon)
  1228 | D        | Lost intelligence.
  1323 | D        | Noticed a gargoyle
  1329 | D        | Killed a gargoyle
  1329 | D        | Reached skill level 13 in Axes
  1329 | D        | Reached XP level 11. HP: 102/116 MP: 10/10
  1388 | D        | Received a gift from Trog
  1412 | D        | Received a gift from Trog
  1419 | D        | Reached skill level 10 in Dodging
  1443 | D        | Noticed a 12-headed hydra
  1447 | D        | Killed a 12-headed hydra
  1520 | D        | Noticed a daeva
  1583 | D        | Bought a wand of disintegration (9/24) for 143 gold pieces
  1656 | D        | Killed a daeva
  1656 | D        | Reached skill level 14 in Axes
  1729 | D        | Killed an unseen horror
  1730 | D        | Killed an unseen horror
  1737 | D        | Killed an unseen horror
  1743 | D        | Killed an unseen horror
  1743 | D        | Reached skill level 5 in Shields
  1746 | D        | Killed an unseen horror
  1832 | D        | Noticed a fire giant
  1834 | D        | Noticed a fire giant
  1835 | D        | Noticed a fire giant
  1841 | D        | Killed a fire giant
  1845 | D        | Killed a fire giant
  1845 | D        | Received a gift from Trog
  1845 | D        | Reached skill level 5 in Armour
  1849 | D        | Killed a fire giant
  1849 | D        | Reached skill level 15 in Axes
  1849 | D        | Reached XP level 12. HP: 37/133 MP: 11/11
  1867 | D        | Noticed a fire giant
  1871 | D        | Killed a fire giant
  1885 | D        | Received a gift from Trog
  1907 | D        | Noticed Tiamat
  2021 | D        | Gained mutation: You are very weak. (Str -4) [a shining eye]
  2022 | D        | Paralysed by a floating eye for 2 turns
  2024 | D        | Gained mutation: Your body sometimes deteriorates upon taking damage. [a shining eye]
  2027 | D        | Gained mutation: You expend magic power (3 MP) to strengthen your wands. [a shining eye]
  2028 | D        | Lost mutation: You are agile. (Dex +2) [a shining eye]
  2029 | D        | Received a gift from Trog
  2030 | D        | Gained mutation: You possess an exceptional clarity of mind. [a shining eye]
  2031 | D        | Gained mutation: You are frail. (-10% HP) [a shining eye]
  2031 | D        | Gained mutation: You are very frail. (-20% HP) [a shining eye]
  2031 | D        | Gained mutation: You are dopey. (Int -2) [a shining eye]
  2033 | D        | Lost intelligence.
  2033 | D        | Gained mutation: You are very dopey. (Int -4) [a shining eye]
  2033 | D        | Gained mutation: You occasionally shout uncontrollably at your foes. [a shining eye]
  2035 | D        | Gained mutation: You are extremely frail. (-30% HP) [a shining eye]
  2036 | D        | Lost mutation: You possess an exceptional clarity of mind. [a shining eye]
  2036 | D        | Gained mutation: You tend to lose your temper in combat. [a shining eye]
  2039 | D        | Received a gift from Trog
  2042 | D        | Received a gift from Trog
  2118 | D        | Found Movoumn's Antique Weapon Shop.
  2118 | D        | Found Laul's General Store.
  2118 | D        | Found Puzur's Antique Weapon Boutique.
  2119 | D        | Found Cuen's Antique Weapon Shoppe.
  2203 | D        | Killed a lorocyproca
  2499 | D        | Noticed a deep elf annihilator
  2507 | D        | Reached skill level 16 in Axes
  2507 | D        | Reached skill level 1 in Throwing
  2522 | D        | Killed a deep elf annihilator
  2522 | D        | Received a gift from Trog
  2522 | D        | Reached skill level 1 in Evocations
  2530 | D        | Paralysed by a hornet for 1 turns
  2532 | D        | HP: 1/95 [hornet (13)]
  2533 | D        | Slain by a shadow wraith

Skill      XL: |  1  2  3  4  5  6  7  8  9 10 11 12 |
---------------+-------------------------------------+-----
Fighting       | 3 4 6 7 8 9 10 11 12 13 | 13.4
Dodging        | 3 4 6 7 8 9 11 | 11.7
Unarmed Combat | 4 6 8 10 11 12 | 12.6
Axes           | 1 4 8 10 13 15 16 | 16.2
Armour         | 1 3 5 6 |  6.0
Shields        | 2 6 7 |  7.4
Stealth        | 1 |  1.9
Throwing       | 1 |  1.0
Evocations     | 1 |  1.2

Action                   |  1- 3 |  4- 6 |  7- 9 | 10-12 || total
-------------------------+-------+-------+-------+-------++-------
Melee: Unarmed           |    13 |     7 |     8 |       ||    28
       Broad axe         |       |     7 |    40 |   184 ||   231
       Punch             |       |     1 |     2 |       ||     3
Throw: Javelin           |       |       |       |     1 ||     1
Invok: Berserk           |     1 |     1 |     1 |     2 ||     5
       Trog's Hand       |       |       |     1 |     3 ||     4
       Brothers in Arms  |       |       |     2 |    11 ||    13
       Burn Spellbooks   |       |       |       |     1 ||     1
Evoke: Wand              |       |       |       |     3 ||     3
  Use: Scroll            |       |       |     3 |     2 ||     5
       Potion            |       |       |     1 |     4 ||     5
 Stab: Sleeping          |       |       |       |     1 ||     1
  Eat: Chunk             |       |     4 |    12 |    19 ||    35
Armor: Animal skin       |     2 |     2 |    11 |       ||    15
       Troll leather arm |       |       |     1 |    67 ||    68
Dodge: Dodged            |     3 |     4 |    33 |    55 ||    95
Block: Shield            |       |       |     4 |   104 ||   108
       Reflection        |       |       |       |     1 ||     1
